cohdb
Replays
Latest Replays
All Replays
Popular Replays
Top Player Replays
Match Explorer
How It Works
Community
CoH3 Stats
Reddit
Sign in to upload your games and track your stats! →
Sign in with Steam
Match 43209718
Unlisted
Match 43209718
Overview
Messages
Build Orders
End
Vickers Machine Gun Team
Construct Section Command Post
Infantry Section
Grenade Package
Infantry Section
Infantry Section
Infantry Section
Infantry Section
ML 3-inch Mortar Team
ML 3-inch Mortar Team
Construct Platoon Command Post
Construct Company Command Post
Selects Australian Defense Battlegroup
Selects CMP 15cwt Supply Run
Selects Artillery Trip Wire Flares
Selects Charged Creeping Barrage
Construct Field Infirmary
Charged Creeping Barrage
Royal Engineer Section
Charged Creeping Barrage
Matilda II Heavy Tank
Selects Australian Light Infantry Section
Selects Defensive Tactics
Charged Creeping Barrage
Royal Engineer Section
Matilda II Heavy Tank
Selects Vehicle Over Repair
Matilda II Heavy Tank
Daz
reactx78
Luk
Legionary
RickyBobby
McHero
Vandron
Max
0
0
Comments
sign in to comment!
No comments posted yet!